 Dungeon Crawl Stone Soup version 0.31-a0-854-g362426d53f (webtiles) character file.

Game seed: 13009440166547782938

107 Kurtz the Sneak (level 4, 0/42 HPs)
             Began as a Naga Delver on Oct 8, 2023.
             Slain by a goblin
             ... wielding a +0 dagger
              (4 damage)
             ... on level 4 of the Dungeon.
             The game lasted 00:00:39 (294 turns).

Kurtz the Sneak (Naga Delver)                        Turns: 294, Time: 00:00:40

Health: 0/42       AC:  2    Str: 14    XL:     4   Next: 85%
Magic:  4/4        EV:  9    Int: 10    God:
Gold:   39         SH:  0    Dex: 15    Spells: 3/3 levels left

rFire   . . .        a - +0 hand axe
rCold   . . .        (no shield)
rNeg    . . .        b - +0 leather armour
rPois   +            (no helmet)
rElec   .            (no cloak)
rCorr   .            (no gloves)
SInv    +            (no barding)
Will    .....        (no amulet)
Stlth   +++          (no ring)
HPRegen 0.27/turn    (no ring)
MPRegen 0.09/turn

%: no passive effects
@: short of breath, very slow
A: AC +1, large, see invisible, deformed body, poison resistance, slowness 2,
spit poison 1, naga tail 1
a: Spit Poison


You were on level 4 of the Dungeon.
You visited 1 branch of the dungeon, and saw 2 of its levels.

You collected 39 gold pieces.

Inventory:

Hand Weapons
 a - a +0 hand axe (weapon)
Armour
 b - a +0 leather armour (worn)
Wands
 g - a wand of digging (3)
Scrolls
 c - a scroll of fog
 d - a scroll of revelation
 e - a scroll of fear
 h - a scroll of enchant weapon {unknown}
 j - 3 scrolls of noise {unknown}
Potions
 f - a potion of haste
 i - 2 potions of curing {unknown}


   Skills:
 - Level 3.0 Fighting
 * Level 4.9 Axes
 - Level 1.5 Dodging
 - Level 7.2 Stealth


You had 3 spell levels left.
You didn't know any spells.
Your spell library was empty.

Dungeon Overview and Level Annotations

Branches:
Dungeon (5/15)
 Temple: D:4-7

Altars:


Innate Abilities, Weirdness & Mutations

Your serpentine skin is tough. (AC +1)
You have supernaturally acute eyesight. (SInv)
Armour fits poorly on your strangely shaped body.
Your system is resistant to poisons. (rPois)
You cover ground very slowly.
You can spit poison.
You have a snake-like lower body.


Message History

Unknown command.
You barely miss the hound.
The hound is lightly wounded.
The hound bites you.
You hit the hound. Your punch misses the hound.
The hound is moderately wounded.
You have got your breath back.
The hound barely misses you. The hound closely misses you.
You hit the hound.
The hound is severely wounded.
You closely miss the goblin. The hound bites you.
The goblin hits you with a +0 dagger.
Unknown command.
Aiming: Spit Poison (1% risk of failure)
Press: ? - help, Shift-Dir - straight line, f/p - hound
Aim: a hound (severely wounded, 45% to hit)
The splash of poison hits the hound.
The hound is severely wounded.
The hound barely misses you. The goblin hits you with a +0 dagger.
* * * LOW HITPOINT WARNING * * *
The hound bites you.
* * * LOW HITPOINT WARNING * * *
Unknown command.
You barely miss the goblin. You closely miss the hound.
The hound closely misses you. The goblin hits you but does no damage.
The hound bites you.
* * * LOW HITPOINT WARNING * * *
Unknown command.
You closely miss the hound.
The hound is severely wounded.
You closely miss the goblin.
You have got your breath back.
The goblin closely misses you. The hound barely misses you.
Unknown command.
Aiming: Spit Poison (1% risk of failure)
Press: ? - help, Shift-Dir - straight line, f/p - hound
Aim: a hound (severely wounded, 45% to hit)
The splash of poison misses the hound.
The hound barely misses you. The goblin hits you with a +0 dagger.
You die...

#. # #. # ###.# #
....####### ### #
.....#...###.###### #.
#.#.###............
#..##.#..#.......######
##....gh†..######## #
.......@......# #
##................ #
#.###.##..##.###. #.>..
# #. #..# .# #.### #.
#..# # .. #... ## #..##
...#


You could see a hound and a goblin.

Vanquished Creatures
  A scorpion (D:4)
  A jelly (D:4)
  An adder (D:4)
  2 dart slugs (D:4)
  An endoplasm (D:4)
  A kobold (D:4)
7 creatures vanquished.

Notes
Turn   | Place    | Note
-------+----------+-------------------------------------------
     0 | D:5      | Kurtz the Naga Delver began the quest for the Orb.
     0 | D:5      | Reached XP level 1. HP: 21/21 MP: 1/1
    73 | D:5      | Noticed a jelly
    77 | D:4      | Noticed a scorpion
    83 | D:4      | Killed a scorpion
    84 | D:4      | Reached XP level 2. HP: 28/28 MP: 2/2
    84 | D:4      | Reached XP level 3. HP: 34/34 MP: 3/3
    84 | D:4      | Reached XP level 4. HP: 42/42 MP: 4/4
   294 | D:4      | Slain by a goblin

Illustrated notes

Levels and vault maps discovered:
D:4:      layout_loops_ring, chequers_temple_overflow_minitemple,
          nicolae_shop_i_like_big_books, kennysheep_path_1
D:5:      layout_rooms, xom_confusion_cloud, nicolae_overflow_hidden_temple,
          eino_small_chamber_without_monster, minmay_mini_ossuary,
          uniq_blork_the_orc

Skill      XL: |  1 |
---------------+----+-----
Axes           | 4 |  4.9
Fighting       | |  3.0
Dodging        | |  1.5
Stealth        | |  7.2

Action                     |  1- 3 |  4- 6 || total
---------------------------+-------+-------++-------
  Melee: Hand axe          |     1 |    27 ||    28
Ability: Spit Poison       |     1 |     5 ||     6
 Armour: Leather armour    |       |    24 ||    24
  Dodge: Dodged            |       |    14 ||    14

Table legend: (Time is in decaauts)
 A = Elapsed time spent in this place.
 B = Non-inter-level travel time spent in this place.
 C = Inter-level travel time spent in this place.
 D = Time resting spent in this place.
 E = Time spent auto-exploring this place.
 F = Levels seen in this place.
 G = Mean time per level.
                   A        B        C        D        E       F      G
               +--------+--------+--------+--------+--------+-----+--------+
         Total |    351 |    344 |      7 |    114 |    110 |   2 |  175.5 |
       Dungeon |    351 |    344 |      7 |    114 |    110 |   2 |  175.5 |
               +--------+--------+--------+--------+--------+-----+--------+

Top non-repeatable levels by time:
     D:4: 245 daAuts
     D:5: 106 daAuts
